Map: Catalyst LE

Players

sdsdsd

  • Race: Zerg Zerg
  • League: Diamond
  • Spawn Location: 5:00

FLORENCIO - Winner!

  • Race: Protoss Protoss
  • League: Master
  • Spawn Location: 11:00

VOD

Have the link to the VOD?

Description

Time

  • Played on: April 10, 2018, 4:14 p.m.
  • Length: 11:36
Show
View Real Time Build Order
Export as new Build Order

sdsdsd Zerg 

Build Orders: Hatch First 

Get SALT Encoding   

  12  0:01  Drone  
  13  0:09  Drone  
  14  0:18  Overlord  
  14  0:23  Extractor  
  14  0:39  Drone x3  
  17  0:53  Drone  
  18  1:04  Drone  
  19  1:17  Drone  
  20  1:34  Drone x2  
  22  1:44  Hatchery  
  21  1:59  Drone  
  21  2:14  Drone  
  22  2:42  Overlord  
  22  2:43  Spawning Pool  
  21  2:59  Drone x2  
  23  3:06  Drone x2  
  25  3:29  Drone  
  25  3:30  Drone  
  27  3:34  Extractor  
  27  3:40  Extractor  
  25  3:46  Drone  
  26  4:00  Zergling x4  
  28  4:13  Queen  
  28  4:14  Overlord x2, Roach Warren  
  29  4:22  Hatchery  
  27  4:28  Drone  
  28  4:36  Drone  
  29  4:41  Hatchery  
  28  4:46  Drone  
  29  5:05  Roach  
  31  5:11  Roach  
  33  5:25  Roach  
  33  5:26  Roach x3  
  41  5:33  Ravager x2  
  43  5:36  Roach  
  44  5:47  Roach  
  46  5:53  Lair  
  46  5:56  Ravager  
  47  6:07  Roach x2  
  51  6:13  Overlord x2  
  51  6:14  Overlord  
  51  6:35  Ravager x2  
  53  6:58  Drone x3  
  56  7:02  Overseer  
  56  7:07  Hydralisk Den  
  52  7:16  Drone x4  
  52  7:17  Drone x2  
  58  7:39  Hatchery  
  58  7:44  Roach x4  
  65  7:54  Overlord  
  65  8:11  Ravager  
  65  8:12  Ravager  
  67  8:13  Ravager  
  67  8:14  Ravager  
  67  8:15  Overlord x4  
  67  8:18  Queen  
  69  8:40  Hydralisk  
  69  8:41  Hydralisk  
  70  8:48  Hydralisk x2  
  74  8:56  Hydralisk  
  74  9:21  Hydralisk x3  
  80  9:32  Extractor  
  80  9:33  Extractor  
  78  9:44  Hydralisk Den  
  77  9:59  Overlord  
  74  10:12  Drone x4  
  78  10:14  Hydralisk x3  
  78  10:15  Hydralisk  
  81  10:26  Hydralisk x2  
  82  10:35  Hydralisk  
  82  10:36  Hydralisk  
  82  10:59  Overlord x3  
Show
View Real Time Build Order
Export as new Build Order

FLORENCIO Protoss - Winner!

Build Orders:  

Get SALT Encoding   

  12  0:01  Probe  
  13  0:13  Probe  
  14  0:22  Pylon  
  14  0:25  Probe (Chrono Boost)  
  15  0:39  Probe (Chrono Boost)  
  16  0:44  Forge  
  16  0:51  Probe  
  17  1:00  Pylon  
  17  1:03  Probe  
  18  1:18  Probe  
  19  1:19  Photon Cannon  
  19  1:23  Gateway  
  19  1:45  Gateway  
  19  1:50  Photon Cannon  
  19  2:10  Zealot  
  21  2:22  Pylon  
  21  2:30  Pylon  
  21  2:39  Pylon  
  21  2:49  Photon Cannon  
  21  2:50  Photon Cannon  
  21  2:55  Photon Cannon x2  
  21  2:59  Photon Cannon  
  21  3:01  Pylon  
  21  3:12  Photon Cannon  
  21  3:47  Photon Cannon  
  21  3:48  Photon Cannon  
  21  3:51  Pylon  
  20  4:18  Nexus  
  20  4:22  Probe (Chrono Boost)  
  22  4:31  Probe (Chrono Boost)  
  22  4:32  Pylon  
  22  4:36  Probe (Chrono Boost)  
  23  4:39  Assimilator  
  23  4:44  Assimilator  
  23  5:03  Probe  
  24  5:14  Photon Cannon  
  24  5:15  Probe  
  24  5:18  Cybernetics Core  
  24  5:20  Photon Cannon  
  25  5:36  Zealot  
  25  5:39  Probe  
  29  5:51  Probe  
  29  6:03  Pylon, Probe  
  30  6:13  Assimilator  
  30  6:15  Probe  
  30  6:17  Assimilator  
  31  6:27  Probe  
  31  6:29  Stargate  
  31  6:30  Stargate  
  32  6:39  Probe (Chrono Boost)  
  33  6:50  Probe (Chrono Boost)  
  34  6:55  Probe (Chrono Boost)  
  34  6:57  Stalker  
  37  7:05  Probe  
  38  7:18  Probe  
  38  7:22  Void Ray x2  
  47  7:30  Probe  
  47  7:32  Stalker  
  50  7:41  Pylon  
  50  7:42  Probe  
  51  7:54  Probe  
  52  8:05  Void Ray x2  
  60  8:06  Probe  
  61  8:18  Probe  
  62  8:24  Pylon  
  62  8:47  Void Ray (Chrono Boost)  
  62  8:48  Void Ray (Chrono Boost)  
  66  9:22  Pylon, Probe  
  66  9:24  Pylon  
  59  9:26  Pylon, Void Ray (Chrono Boost)  
  59  9:34  Probe  
  60  9:39  Void Ray  
  64  9:46  Probe  
  65  9:55  Photon Cannon  
  65  9:58  Probe  
  66  10:00  Photon Cannon  
  66  10:27  Oracle x2  
  68  10:34  Gateway  
  68  10:36  Pylon  
  68  10:39  Pylon  
  68  11:04  Oracle x2 (Chrono Boost)  
Tags
 
Add a new tag
Caveats
  • Supply blocks, unpowered buildings, or Contaminate may cause inaccurate times.
  • Supply counts are checked every 10 seconds.